 Dungeon Crawl Stone Soup version 0.17.0-26-gececa24 (webtiles) character file.

17540 MDvedh the Impaler (level 12, 0/112 HPs)
             Began as a Minotaur Wanderer on Nov 19, 2015.
             Slain by a blink frog (5 damage)
             ... on level 2 of the Lair of Beasts.
             The game lasted 00:38:37 (15633 turns).

MDvedh the Impaler (Minotaur Wanderer)             Turns: 15633, Time: 00:38:38

Health: 0/112      AC: 22    Str: 23    XL:     12   Next: 19%
Magic:  13/13      EV:  7    Int:  7    God:
Gold:   760        SH:  0    Dex: 15    Spells: 0 memorised, 11 levels left

rFire  . . .     SeeInvis .     S - +0 halberd
rCold  . . .     Clarity  .     K - +2 plate armour of Saheim {Str+4}
rNeg   + . .     SustAt   .     (shield currently unavailable)
rPois  .         Gourm    .     (helmet restricted)
rElec  .         Spirit   .     A - +2 cloak
rCorr  .         Warding  .     l - +0 pair of gloves
rMut   +         Rnd*Tele +     (no boots)
MR     .....                    Z - amulet of resist mutation
Stlth  ..........               Y - ring of teleportation (curse)
                                V - ring of positive energy

@: not resistant to hostile enchantments, extremely unstealthy
A: retaliatory headbutt, horns 2
a: Evoke Teleportation


You were on level 2 of the Lair of Beasts.
You were not hungry.

You visited 3 branches of the dungeon, and saw 14 of its levels.
You also visited: Labyrinth.

You collected 760 gold pieces.

Inventory:

Hand Weapons
 b - a +0 trident
 S - a +0 halberd (weapon)
Missiles
 D - 18 arrows
Armour
 a - the +3 ring mail of Uthayd {rPois rF++ Str+4 Dex-5, unknown}
   (You found it on level 1 of the Lair of Beasts)

   It affects your strength (+4).
   It affects your dexterity (-5).
   It greatly protects you from fire.
   It protects you from poison.
 l - a +0 pair of gloves (worn)
 A - a +2 cloak (worn)
 K - the +2 plate armour of Saheim (worn) {Str+4}
   (You found it in a labyrinth)

   It affects your strength (+4).
Rods
 C - a +4 rod of inaccuracy (14/14)
   (You found it in a labyrinth)
Jewellery
 B - an uncursed ring of magical power
 V - a ring of positive energy (left hand)
 Y - a cursed ring of teleportation (right hand)
 Z - an amulet of resist mutation (around neck)
Wands
 j - a wand of magic darts (36)
 u - a wand of flame (22)
 G - a wand of magic darts (21)
 H - a wand of disintegration (8)
 L - a wand of enslavement (0)
 R - a wand of draining (0)
 X - a wand of polymorph (7)
Scrolls
 d - a scroll of amnesia {unknown}
 g - 6 scrolls of enchant armour {unknown}
 h - 3 scrolls of enchant weapon {unknown}
 i - 7 scrolls of immolation {unknown}
 n - 5 scrolls of teleportation {unknown}
 o - 3 scrolls of blinking {unknown}
 q - 7 scrolls of remove curse {unknown}
 r - 4 scrolls of magic mapping {unknown}
 s - 10 scrolls of identify {unknown}
 t - 2 scrolls of noise {unknown}
 v - 6 scrolls of random uselessness {unknown}
 y - 3 scrolls of fog {unknown}
 Q - a scroll of silence {unknown}
 W - a scroll of fear {unknown}
Potions
 c - 7 potions of curing
 e - a potion of invisibility {unknown}
 k - 3 potions of degeneration {unknown}
 m - 3 potions of might {unknown}
 p - 2 potions of agility
 w - 3 potions of cancellation {unknown}
 x - 2 potions of brilliance {unknown}
 z - a potion of beneficial mutation {unknown}
 F - 2 potions of heal wounds {unknown}
 I - 2 potions of flight {unknown}
 N - 4 potions of lignification {unknown}
 P - a potion of cure mutation {unknown}
Miscellaneous
 M - a sack of spiders {used: 2}
Comestibles
 f - 12 bread rations
 O - 17 fruits


   Skills:
 + Level 12.2 Fighting
 + Level 15.8 Polearms
   Level 2.1 Bows
 - Level 2.0 Throwing
 + Level 11.9 Armour
 * Level 3.1 Evocations


You had 11 spell levels left.
You didn't know any spells.

Dungeon Overview and Level Annotations

Branches:
Dungeon (10/15)            Temple (1/1) D:5            Lair (3/8) D:10
 Spider (0/4) Lair:3
  Swamp: Lair:3-6    Shoals: Lair:3-6       Orc: D:9-12

Altars:
Ashenzari
Cheibriados
Dithmenos
Elyvilon
Fedhas
Gozag
Kikubaaqudgha
Makhleb
Nemelex Xobeh
Okawaru
Qazlal
Ru
Sif Muna
Trog
Vehumet
Xom
Yredelemnul
Zin
The Shining One

Shops:
D:8 !   D:10 [


Innate Abilities, Weirdness & Mutations

You reflexively headbutt those who attack you in melee.
You have a pair of horns on your head.


Message History

Okay, then.
Read which item? (? for menu, Esc to quit)
Okay, then.
Evoke which item? (* to show all) (? for menu, Esc to quit)
Okay, then.
Unknown command.
A porcupine comes into view.
The blink frog hits you but does no damage.
The blink frog hits you.
* * * LOW HITPOINT WARNING * * *
The blink frog blinks!
Unknown command.
Evoke which item? (* to show all) (? for menu, Esc to quit)
Zapping:
H - a wand of disintegration (will waste charges)
Press: ? - help, Shift-Dir - straight line, f - blink frog
Aim: a blink frog (chance to defeat MR: 58%)
Okay, then.
Evoke which item? (* to show all) (? for menu, Esc to quit)
You reach into the bag... ...and things crawl out!
The blink frog hits you.
You die...

## # ## #######.#
###.#P##P?#.#..#
................
............... ##....#
#########.#...#
#####P.P...#..#...#### #..
.......@F...F.....#.P# #..
.......s.>............ #..
..r.F.............##.# ##.##
.#########..###...# # #P..#
##### #...## #..#########
#..####....#
#.....#.#..###..##.....##
#..........................
#.#.#....P##...#..#..##P#...


You could see 3 blink frogs, a porcupine and a friendly scorpion.

Vanquished Creatures
  Maud (Lair:3)
  A minotaur (Lab)
  The ghost of emiel the Cleaver, a novice HOBe of Trog (D:10)
  Nergalle (Lair:3)
  The ghost of Raultor the Transmogrifier, a novice OpTm of Makhleb (D:6)
  Joseph (D:8)
  Psyche (D:8)
  2 black mambas (Lair:3)
  2 spiny frogs
  2 komodo dragons (Lair:1)
  A gargoyle (D:10)
  2 trolls
  The ghost of Uberwunderbarhen the Ducker, an amateur OpFi (D:7)
  5 blink frogs (Lair:2)
  11 yaks
  A spriggan (D:7)
  3 wraiths (D:10)
  A wyvern (D:10)
  7 hippogriffs
  Menkaure (D:6)
  2 orc warriors
  3 porcupines
  An ice beast (D:4)
  2 sky beasts
  3 water moccasins
  A wasp (D:9)
  A phantom (D:6)
  2 necrophages
  2 centaurs
  A crocodile (Lair:3)
  3 ogres
  7 giant frogs
  An elf zombie (D:10)
  A gnoll sergeant (D:9)
  A wyvern zombie (D:9)
  8 wights
  7 scorpions
  The ghost of emiel the Ruffian, a weakling TrWz (D:5)
  An electric eel (D:10)
  8 killer bees
  A giant frog zombie (D:9)
  A wasp zombie (D:9)
  2 crimson imps
  4 orc wizards
  6 hounds
  2 jellies
  Crazy Yiuf (D:3)
  4 human zombies (D:10)
  5 orc priests
  2 centaur zombies
  A centaur skeleton (D:9)
  3 giant frog skeletons
  2 human skeletons (D:10)
  3 iguanas
  2 quasits
  6 sheep (Lair:3)
  5 worker ants
  A killer bee zombie (D:6)
  A hound zombie (D:6)
  An ogre skeleton (D:10)
  A mummy (D:10)
  2 hound skeletons
  Robin (D:3)
  6 gnolls (D:9)
  16 river rats (Lair:2)
  10 adders
  4 shadow imps
  A giant eyeball (D:10)
  2 adder zombies
  2 worms (D:4)
  20 orcs
  5 giant cockroaches
  9 hobgoblins
  18 jackals
  18 bats
  A giant cockroach zombie (D:5)
  4 giant geckos
  4 giant newts
  18 goblins
  7 kobolds
  9 quokkas
  10 rats
  A butterfly (Lair:1)
  A fungus (D:9)
325 creatures vanquished.

Vanquished Creatures (collateral kills)
  Harold (D:10)
1 creature vanquished.

Vanquished Creatures (others)
  An orc wizard (D:6)
  14 fungi
  A plant (Lair:3)
  5 toadstools (D:1)
21 creatures vanquished.

Grand Total: 347 creatures vanquished

Notes
Turn   | Place    | Note
--------------------------------------------------------------
     0 | D:1      | MDvedh the Minotaur Wanderer began the quest for the Orb.
     0 | D:1      | MDvedh set off with: a +2 shortbow, 27 arrows, a potion of curing, a +0 spear, a +0 robe, a bread ration
     0 | D:1      | Reached XP level 1. HP: 18/18 MP: 0/0
    89 | D:1      | Reached skill level 4 in Polearms
   135 | D:1      | Reached XP level 2. HP: 25/25 MP: 1/1
   604 | D:1      | Reached skill level 5 in Polearms
   827 | D:1      | Reached XP level 3. HP: 28/30 MP: 2/2
  1473 | D:2      | Found a faded altar to an unknown god.
  1639 | D:2      | Found a glowing golden altar of the Shining One.
  1909 | D:3      | Reached XP level 4. HP: 37/37 MP: 3/3
  1928 | D:3      | Found a shadowy altar of Dithmenos.
  1952 | D:3      | Found a stormy altar of Qazlal.
  1960 | D:3      | Reached skill level 6 in Polearms
  1992 | D:3      | Noticed Robin
  2107 | D:3      | Killed Robin
  2606 | D:3      | Noticed Crazy Yiuf
  2631 | D:3      | Killed Crazy Yiuf
  2631 | D:3      | Reached skill level 7 in Polearms
  2631 | D:3      | Reached XP level 5. HP: 2/42 MP: 4/4
  3093 | D:4      | Noticed an ogre
  3097 | D:4      | Noticed a centaur
  3114 | D:4      | Killed an ogre
  3114 | D:4      | Reached skill level 8 in Polearms
  3114 | D:4      | Reached XP level 6. HP: 41/50 MP: 5/5
  3188 | D:4      | Found a shattered altar of Ashenzari.
  3296 | D:4      | Found an opulent altar of Gozag.
  3352 | D:4      | Killed a centaur
  3352 | D:4      | Reached skill level 9 in Polearms
  3514 | D:4      | Noticed an ogre
  3521 | D:4      | Killed an ogre
  3553 | D:4      | Noticed an ice beast
  3567 | D:4      | Killed an ice beast
  3567 | D:4      | Reached skill level 10 in Polearms
  3567 | D:4      | Reached XP level 7. HP: 32/56 MP: 6/6
  3740 | D:5      | Entered Level 5 of the Dungeon
  4332 | D:5      | Found a staircase to the Ecumenical Temple.
  4424 | Temple   | Entered the Ecumenical Temple
  4949 | D:5      | Noticed emiel's ghost (weakling TrWz)
  4963 | D:5      | Killed emiel's ghost
  5084 | D:6      | Reached skill level 11 in Polearms
  5217 | D:6      | Reached XP level 8. HP: 49/62 MP: 7/7
  5337 | D:6      | Reached skill level 12 in Polearms
  5823 | D:6      | Reached skill level 13 in Polearms
  5864 | D:6      | Noticed Raultor's ghost (novice OpTm)
  6158 | D:6      | Killed Raultor's ghost
  6158 | D:6      | Reached XP level 9. HP: 30/68 MP: 8/8
  6379 | D:6      | Reached skill level 14 in Polearms
  6497 | D:6      | Noticed Menkaure
  6512 | D:6      | Killed Menkaure
  7417 | D:7      | Noticed Uberwunderbarhen's ghost (amateur OpFi)
  7429 | D:7      | Killed Uberwunderbarhen's ghost
  7429 | D:7      | Reached skill level 5 in Fighting
  7903 | D:7      | Reached skill level 5 in Armour
  8141 | D:8      | Found Gajyl's Distillery.
  8224 | D:8      | Found a white marble altar of Elyvilon.
  8340 | D:8      | Found an iron altar of Okawaru.
  8363 | D:8      | Noticed Psyche
  8395 | D:8      | Killed Psyche
  8792 | D:8      | Noticed Joseph
  8815 | D:8      | Killed Joseph
  8815 | D:8      | Reached XP level 10. HP: 68/86 MP: 3/9
  9320 | D:9      | Found a shimmering altar of Xom.
  9324 | D:9      | Found a shimmering altar of Xom.
  9324 | D:9      | Found a shimmering altar of Xom.
  9326 | D:9      | Found a shimmering altar of Xom.
  9963 | D:9      | Noticed a griffon
 10183 | D:10     | Entered Level 10 of the Dungeon
 10287 | D:10     | Noticed Harold
 10314 | D:10     | Found a staircase to the Lair.
 10350 | D:10     | HP: 1/92 [troll (6)]
 10356 | D:10     | Killed Harold
 10745 | D:10     | Noticed emiel's ghost (novice HOBe)
 10776 | D:10     | Killed emiel's ghost
 10776 | D:10     | Reached skill level 10 in Fighting
 10949 | D:10     | Reached XP level 11. HP: 100/100 MP: 10/10
 11000 | D:10     | Reached skill level 10 in Armour
 11692 | D:10     | Paralysed by a giant eyeball for 2 turns
 12067 | D:10     | Found an ancient bone altar of Kikubaaqudgha.
 12314 | D:10     | Found Viguzo's Antique Armour Shop.
 12395 | Lair:1   | Entered Level 1 of the Lair of Beasts
 12460 | Lair:1   | Reached skill level 15 in Polearms
 12770 | Lair:1   | Got an encrusted ring mail
 13759 | Lair:3   | Found a labyrinth entrance.
 13815 | Lab      | Entered a labyrinth
 14416 | Lab      | Noticed a minotaur
 14423 | Lab      | Killed a minotaur
 14436 | Lab      | Got a pitted plate armour
 14538 | Lair:3   | Identified the +2 plate armour of Saheim {Str+4} (You found it in a labyrinth)
 14577 | Lair:3   | Noticed Nergalle
 14659 | Lair:3   | Killed Nergalle
 14776 | Lair:3   | Found a hole to the Spider Nest.
 14797 | Lair:3   | Noticed Sonja
 14807 | Lair:3   | Noticed Sonja
 14807 | Lair:3   | Sonja changed into Sonja the black mamba
 14814 | Lair:3   | Killed Sonja the black mamba
 14814 | Lair:3   | Reached skill level 1 in Evocations
 15140 | Lair:3   | Reached XP level 12. HP: 51/112 MP: 10/12
 15517 | Lair:3   | Noticed Maud
 15560 | Lair:3   | Killed Maud
 15632 | Lair:2   | HP: 5/112 [blink frog (5)]
 15633 | Lair:2   | Slain by a blink frog

Action                   |  1- 3 |  4- 6 |  7- 9 | 10-12 || total
-------------------------+-------+-------+-------+-------++-------
Melee: Spear             |   149 |   148 |       |       ||   297
       Trident           |       |    24 |   526 |   137 ||   687
       Halberd           |       |       |       |   595 ||   595
Evoke: Wand              |       |       |       |    17 ||    17
       Sack of spiders   |       |       |       |     3 ||     3
 Stab: Sleeping          |     1 |       |       |       ||     1
       Invisible         |       |     1 |       |       ||     1
  Eat: Chunk             |     3 |     5 |     6 |     6 ||    20
       Meat ration       |       |       |     2 |     2 ||     4
       Beef jerky        |       |       |     1 |       ||     1
       Bread ration      |       |       |       |     1 ||     1
       Pizza             |       |       |       |     3 ||     3
